AoeStats
← bs-32

Black Forest

510102294Analyzed
2v2 RM · 3d ago on Sep 29, 2026· 105m 40s· 4 players
Game mode
Random Map
Map size
Medium (4 player)
Population
200
Speed
Normal
Resources
Standard
Victory
Conquest
Starting age
Dark Age
Ending age
Imperial Age
RankedLock teamsTeams togetherTeam positionsShared explorationLock speedFull tech treeHidden civsTurbo modeCheats
Victory
Defeat
🇦🇺 Spanish · Australia
691
+11
🇮🇹 Turks · Italy
487
+19
🇮🇳 Burgundians · India
578
-15
🇻🇳 Bulgarians · Vietnam
572
-15
DorsalMold8400
15:05 Feudal Age
17:11 Wheelbarrow
17:12 Double-Bit Axe
17:10 Horse Collar
19:45 Loom
23:34 Gold Mining
23:56 Town Watch
27:29 Castle Age
29:36 Heavy Plow
29:51 Bow Saw
30:13 Hand Cart
32:13 Gambesons
33:27 Stone Mining
34:16 Gold Shaft Mining
37:55 Scale Mail Armor
38:02 Scale Barding Armor
40:31 Imperial Age
41:06 Stone Shaft Mining
40:50 Chain Mail Armor
42:24 Heavy Scorpion
43:56 Crop Rotation
48:15 Plate Mail Armor
48:08 Chain Barding Armor
53:35 Elite Konnik
91:42 Forging
FlatLlama112580
1:12 Loom
14:28 Feudal Age
16:44 Double-Bit Axe
19:37 Stone Mining
19:38 Gold Mining
21:12 Stone Shaft Mining
20:57 Bow Saw
23:15 Castle Age
21:32 Horse Collar
22:33 Wheelbarrow
24:06 Heavy Plow
33:43 Guilds
33:35 Caravan
35:49 Town Watch
36:23 Hand Cart
36:50 Coinage
40:01 Imperial Age
39:40 Town Patrol
39:50 Scale Barding Armor
40:54 Gold Shaft Mining
41:25 Two-Man Saw
40:57 Crop Rotation
40:12 Elite Coustillier
41:18 Chain Barding Armor
42:16 Chemistry
42:47 Plate Barding Armor
42:15 Scale Mail Armor
42:15 Padded Archer Armor
43:12 Ballistics
42:48 Murder Holes
43:28 Banking
43:00 Padded Archer Armor
42:52 Fletching
53:39 Bombard Tower
53:10 Guard Tower
53:31 Fortified Wall
53:02 Treadmill Crane
53:08 Arrowslits
53:30 Siphons
59:20 Burgundian Vineyards
59:51 Hoardings
58:47 Sappers
58:47 Flemish Revolution
fat sandwiches
1:07 Loom
13:05 Feudal Age
24:19 Castle Age
23:21 Double-Bit Axe
23:59 Horse Collar
26:53 Stone Mining
26:57 Gold Mining
28:38 Fletching
29:29 Town Watch
31:15 Wheelbarrow
33:21 Ballistics
33:13 Fortified Wall
33:00 Murder Holes
40:19 Imperial Age
40:14 Hand Cart
41:47 Conscription
41:16 Elite Conquistador
42:42 Caravan
45:43 Chemistry
45:30 Bow Saw
45:32 Town Patrol
45:38 Heavy Plow
47:30 Guilds
49:47 Hoardings
49:08 Arson
49:26 Squires
49:11 Gambesons
51:31 Two-Man Saw
50:34 Bodkin Arrow
50:51 Forging
50:49 Padded Archer Armor
50:13 Pikeman
52:06 Halberdier
52:40 Capped Ram
53:43 Leather Archer Armor
55:35 Siege Ram
60:56 Husbandry
61:07 Bloodlines
60:18 Cavalier
60:19 Light Cavalry
61:04 Bracer
61:34 Ring Archer Armor
61:40 Iron Casting
61:05 Scale Mail Armor
61:11 Scale Barding Armor
63:06 Thumb Ring
62:22 Elite Skirmisher
67:19 Paladin
67:20 Hussar
67:26 Hussar
70:15 Heavy Mounted Crossbowman
104:03 Masonry
103:44 Guard Tower
104:14 Bombard Tower
103:40 Arrowslits
104:00 Siphons
104:16 Shipwright
104:07 Clinker Construction
104:07 Careening
104:20 Chain Barding Armor
104:15 Chain Mail Armor
105:00 Blast Furnace
103:26 Onager
104:30 Supremacy
104:13 Inquisition
103:43 Sappers
103:55 Spies/Treason
bs-32
13:40 Feudal Age
14:17 Double-Bit Axe
15:37 Horse Collar
21:27 Castle Age
22:32 Bow Saw
22:25 Heavy Plow
25:29 Stone Mining
25:29 Gold Mining
27:16 Gold Shaft Mining
36:15 Imperial Age
34:06 Forging
33:56 Scale Mail Armor
34:02 Scale Barding Armor
33:58 Padded Archer Armor
33:48 Fletching
33:50 Man-at-Arms
34:36 Husbandry
34:47 Bloodlines
37:03 Long Swordsman
37:06 Heavy Camel Rider
38:08 Two-Handed Swordsman
39:56 Iron Casting
39:39 Leather Archer Armor
42:54 Two-Man Saw
42:24 Champion
45:29 Elite Janissary
49:37 Blast Furnace
48:53 Chain Mail Armor
70:10 Chain Barding Armor
70:23 Plate Mail Armor
71:34 Plate Barding Armor
71:06 Capped Ram
75:58 Siege Ram
Connection lost

Rejoining the realm…

Still unreachable

The connection could not be restored.

Session expired

The server has moved on; the page needs a fresh start.